 Dungeon Crawl Stone Soup version 0.31-a0-1176-gb7303255ee (webtiles) character file.

Game seed: 7011762829249428273

1003 Malachi the Trooper (level 8, 0/64 HPs)
             Began as an Armataur Fighter on Dec 11, 2023.
             Slain by an orc warrior zombie
             ... wielding a +2 long sword of venom
              (3 damage)
             ... on level 5 of the Dungeon.
             The game lasted 00:06:46 (3473 turns).

Malachi the Trooper (Armataur Fighter)              Turns: 3473, Time: 00:06:46

Health: 0/64       AC:  9    Str: 23    XL:     8   Next: 0%
Magic:  8/8        EV:  7    Int:  9    God:
Gold:   195        SH:  5    Dex: 10    Spells: 7/7 levels left

rFire   + . .        p - +0 morningstar
rCold   + . .        c - +0 buckler
rNeg    . . .        b - +0 scale mail
rPois   +            (no helmet)
rElec   +            k - +1 cloak
rCorr   +            (no gloves)
SInv    .            (no barding)
Will    .....        (no amulet) Stlth
                     (no ring)
HPRegen 0.30/turn    (no ring)
MPRegen 0.11/turn

%: roll
@: lethally poisoned (0 -> -33), resistant
A: large, deformed body, tough skin 3, armoured tail, roll 2, long tongue
a: no special abilities


You were on level 5 of the Dungeon.
You visited 1 branch of the dungeon, and saw 5 of its levels.

You collected 195 gold pieces.

Inventory:

Hand Weapons
 p - a +0 morningstar (weapon)
Armour
 b - a +0 scale mail (worn)
 c - a +0 buckler (worn)
 k - a +1 cloak (worn)
Jewellery
 w - a +4 ring of protection
Wands
 x - a wand of charming (6)
Scrolls
 g - 2 scrolls of immolation
 h - a scroll of fog
 n - 2 scrolls of blinking {unknown}
 o - 2 scrolls of noise {unknown}
 r - a scroll of vulnerability {unknown}
 t - a scroll of revelation {unknown}
 u - a scroll of amnesia {unknown}
 v - 2 scrolls of identify {unknown}
 y - a scroll of silence {unknown}
Potions
 a - a potion of heal wounds {unknown}
 d - 2 potions of might
 e - a potion of berserk rage {unknown}
 f - 4 potions of lignification {unknown}
 i - a potion of cancellation {unknown}
 j - a potion of haste {unknown}
 l - a potion of magic {unknown}
 m - 2 potions of curing {unknown}
 q - a potion of degeneration {unknown}
 s - a potion of mutation {unknown}


   Skills:
 + Level 5.9 Fighting
 + Level 5.4 Maces & Flails
 - Level 5.0 Armour
 - Level 5.0 Shields


You had 7 spell levels left.
You didn't know any spells.
Your spell library was empty.

Dungeon Overview and Level Annotations

Branches:
Dungeon (5/15)
 Temple: D:4-7

Altars:

Annotations:
D:5 1 transporter


Innate Abilities, Weirdness & Mutations

Armour fits poorly on your strangely shaped body.
You have extremely tough skin. (AC +3)
You have a long armoured tail.
You roll and regenerate health when moving toward enemies. (Rampage Heal)
Your long tongue fully drains potion bottles. (2x potion effects)


Message History

No target in view!
No target in view!
Items here: ( ))) ††.
Items here: ( ))) ††.
Items here: ( )) †.
You now have 195 gold pieces (gained 12).
You open the door.
There is an open door here.
There is an open door here.
Partly explored, unvisited transporter.
Partly explored, unvisited transporter.
Partly explored, unvisited transporter.
Partly explored, unvisited transporter.
Partly explored, unvisited transporter.
There is an open door here.
There is an open door here.
There is a stone staircase leading down here.
There is a transporter here.
You enter the transporter and appear at another place.
z - a potion of resistance You open the gate.
There is an open gate here.
You are engulfed in poison gas.
You are poisoned.
You feel very sick.
The ogre zombie hits you with a +0 giant club of venom!
You are more poisoned.
You are engulfed in poison gas.
You are lethally poisoned!
You feel extremely sick.
The orc warrior zombie barely misses you.
You feel extremely sick.
The orc warrior zombie hits you with a +2 long sword of venom!
* * * LOW HITPOINT WARNING * * *
You are more poisoned.
Unknown command.
You feel protected.
You slurp down every last drop of the potion of resistance!
* * * LOW HITPOINT WARNING * * *
You feel extremely sick.
The orc warrior zombie hits you with a +2 long sword of venom.
You die...

#......#.........###'##....#
########..............#....#
#.......#######.......#....#
#########☼○○○○#.......#.....
####..°○☼○#☼☼°○○#.......#.....
#..#○.○○☼°#○☼°☼°#.......######
##..#.○#.#.°.☼.$)#..#####......
###..©#○○©...○°ZZ?©#©.....#......
#.....#☼.#.#.○.○@$)#......#......
#.....#.°○○○○#☼○°☼○#......#......
#.....#.○°°○°#°☼○☼☼#......#......
#.....########○○○°☼#.##...#......
#............##########...#......
#............#............#......
'............#.......>....+......
#.........................#......
######....####+##....##...#####'#


You could see an orc warrior zombie and an ogre zombie.

Vanquished Creatures
  Eustachio (D:5)
  A black bear (D:5)
  A phantom (D:5)
  A kobold brigand (D:5)
  A bullfrog (D:5)
  A scorpion (D:5)
  3 hounds
  A jelly (D:4)
  An orc priest (D:3)
  A gnoll bouda (D:5)
  An orc wizard (D:3)
  Natasha (thrice) (D:2)
  4 gnolls (D:5)
  7 adders
  A shadow imp (D:5)
  2 white imps
  2 worms
  5 dart slugs
  8 orcs
  6 ball pythons
  7 bats
  9 endoplasms
  7 giant cockroaches
  8 goblins
  9 hobgoblins
  3 jackals (D:4)
  11 kobolds
  5 quokkas
  4 frilled lizards
  4 rats
118 creatures vanquished.

Notes
Turn   | Place    | Note
-------+----------+-------------------------------------------
     0 | D:1      | Malachi the Armataur Fighter began the quest for the Orb.
     0 | D:1      | Reached XP level 1. HP: 17/17 MP: 1/1
   142 | D:1      | Reached XP level 2. HP: 18/24 MP: 2/2
   269 | D:1      | Found a faded altar of an unknown god.
   753 | D:2      | Reached XP level 3. HP: 22/29 MP: 3/3
   846 | D:2      | Noticed Natasha
   856 | D:2      | Killed Natasha
   857 | D:2      | Reached XP level 4. HP: 29/35 MP: 4/4
   963 | D:2      | Noticed Natasha
   975 | D:2      | Killed Natasha
  1308 | D:2      | Noticed Natasha
  1317 | D:2      | Killed Natasha
  1318 | D:2      | Reached XP level 5. HP: 22/42 MP: 5/5
  2034 | D:4      | Reached XP level 6. HP: 33/48 MP: 6/6
  2413 | D:4      | Reached skill level 5 in Armour
  2626 | D:5      | Entered Level 5 of the Dungeon
  2669 | D:5      | Found a transporter.
  2722 | D:5      | Reached skill level 5 in Shields
  2727 | D:5      | Gained mutation: You roll and regenerate health when moving
                  | toward enemies. (Rampage Heal) [Armataur growth]
  2727 | D:5      | Reached XP level 7. HP: 42/55 MP: 7/7
  2843 | D:5      | Reached skill level 5 in Fighting
  2923 | D:5      | Noticed Eustachio
  2961 | D:5      | Killed Eustachio
  2962 | D:5      | Reached skill level 5 in Maces & Flails
  3236 | D:5      | Found a transporter.
  3355 | D:5      | Reached XP level 8. HP: 59/64 MP: 8/8
  3473 | D:5      | HP: 3/64 [poisoned by an orc warrior zombie]
  3473 | D:5      | Slain by an orc warrior zombie

Illustrated notes

Levels and vault maps discovered:
D:1:      tarquinn_simple_flora_water_e, layout_loops_ring,
          ebering_ecumenical_altar_mist
D:2:      layout_basic, minmay_nonomino_d4, uniq_natasha
D:3:      layout_rooms
D:4:      layout_basic
D:5:      gammafunk_cloud_chamber, layout_gridville, grunt_decor_arrowhead,
          uniq_eustachio

Skill      XL: |  1  2  3  4  5  6  7 |
---------------+----------------------+-----
Maces & Flails | 2 3 4 5 |  5.4
Fighting       | 3 4 5 |  5.9
Armour         | 4 5 |  5.0
Shields        | 4 5 |  5.0

Action                     |  1- 3 |  4- 6 |  7- 9 || total
---------------------------+-------+-------+-------++-------
  Melee: Flail             |    88 |   144 |       ||   232
         Tailslap          |     8 |    16 |     9 ||    33
         Morningstar       |       |    62 |    81 ||   143
    Use: Scroll            |       |     2 |       ||     2
         Potion            |       |       |     1 ||     1
 Armour: Scale mail        |    76 |   195 |   120 ||   391
  Dodge: Dodged            |    26 |    72 |    58 ||   156
  Block: Buckler           |    21 |    44 |    29 ||    94

Table legend: (Time is in decaauts)
 A = Elapsed time spent in this place.
 B = Non-inter-level travel time spent in this place.
 C = Inter-level travel time spent in this place.
 D = Time resting spent in this place.
 E = Time spent auto-exploring this place.
 F = Levels seen in this place.
 G = Mean time per level.
                   A        B        C        D        E       F      G
               +--------+--------+--------+--------+--------+-----+--------+
         Total |   3583 |   3483 |    100 |      0 |   2653 |   5 |  716.6 |
       Dungeon |   3583 |   3483 |    100 |      0 |   2653 |   5 |  716.6 |
               +--------+--------+--------+--------+--------+-----+--------+

Top non-repeatable levels by time:
     D:5: 875 daAuts
     D:2: 774 daAuts
     D:1: 665 daAuts
     D:3: 655 daAuts
     D:4: 612 daAuts
